 Dungeon Crawl Stone Soup version 0.26-a0-252-gb32a1a6195 (webtiles) character file.

Game seed: 8700912346990183153

33656 splitbrain the Severer (level 13, -3/117 HPs)
             Began as a Hill Orc Fighter on July 9, 2020.
             Slain by a wraith (8 damage)
             ... on level 14 of the Dungeon.
             The game lasted 02:06:06 (14699 turns).

splitbrain the Severer (Hill Orc Fighter)          Turns: 14699, Time: 02:06:06

Health: -3/117     AC: 12    Str: 27    XL:     13   Next: 72%
Magic:  13/13      EV: 14    Int:  8    God:
Gold:   490        SH: 13    Dex: 13    Spells: 12/12 levels left

rFire    + . .     SeeInvis +   S - +5 broad axe (vorpal)
rCold    + . .     Faith    .   c - +0 kite shield
rNeg     . . .     Spirit   .   n - +3 leather armour {rPois}
rPois    +         Reflect  .   U - +0 helmet
rElec    .         Harm     .   q - scarf {rC+ rF+}
rCorr    .                      a - +0 pair of gloves
MR       .....                  w - +0 pair of boots
Stlth    ++........             h - amulet of regeneration
HPRegen  0.69/turn              l - +6 ring of strength
MPRegen  0.13/turn              x - ring of see invisible

@: no status effects
A: iridescent scales 1, sense surroundings 1
a: no special abilities


You were on level 14 of the Dungeon.
You were not hungry.

You visited 1 branch of the dungeon, and saw 15 of its levels.

You collected 700 gold pieces.
You spent 210 gold pieces at shops.

Inventory:

Hand Weapons
 J - a +3 dire flail
 M - a +3 scimitar of flaming
 S - a +5 vorpal broad axe (weapon)
 W - a +3 war axe
Missiles
 B - 56 poisoned darts
 G - 13 boomerangs (quivered)
 I - 17 curare-tipped darts
Armour
 a - a +0 pair of gloves (worn)
 b - a +0 scale mail
 c - a +0 kite shield (worn)
 n - a +3 leather armour of poison resistance (worn)
 q - a scarf of resistance (worn)
 w - a +0 pair of boots (worn)
 O - a +0 plate armour
 U - a +0 helmet (worn)
 X - +0 acid dragon scales
Jewellery
 h - an amulet of regeneration (around neck)
 l - a +6 ring of strength (left hand)
 x - a ring of see invisible (right hand)
 D - an uncursed ring of protection from cold
 K - an uncursed amulet of reflection
Wands
 d - a wand of iceblast (11)
 p - a wand of acid (13)
 r - a wand of paralysis (10)
 u - a wand of enslavement (12)
 v - a wand of polymorph (7)
 A - a wand of random effects (17)
 C - a wand of digging (5)
 H - a wand of flame (57)
Scrolls
 i - 2 scrolls of fear
 k - 4 scrolls of magic mapping
 m - a scroll of torment
 o - 4 scrolls of noise
 t - 2 scrolls of teleportation
 y - 2 scrolls of remove curse
 E - 2 scrolls of identify
 N - 3 scrolls of enchant armour
 Q - 2 scrolls of amnesia
 T - a scroll of fog
 Y - a scroll of summoning {unknown}
Potions
 e - a potion of haste
 g - 3 potions of flight
 j - 2 potions of magic
 s - 5 potions of curing
 z - 2 potions of mutation
 F - a potion of brilliance
 L - 2 potions of heal wounds
 R - 2 potions of ambrosia {unknown}
 Z - a potion of invisibility {unknown}
Miscellaneous
 V - a box of beasts
Comestibles
 f - 52 rations


   Skills:
 + Level 11.8 Fighting
 - Level 16.0 Axes
 + Level 7.4 Throwing
 + Level 6.5 Armour
 + Level 6.3 Dodging
 + Level 4.6 Stealth
 + Level 11.5 Shields
 + Level 1.6 Evocations


You had 12 spell levels left.
You didn't know any spells.
Your spell library contained the following spells:

 Spells                   Type           Power        Failure   Level
 Beastly Appendage        Tmut           #.....       58%         1
 Sticks to Snakes         Tmut           #.......     75%         2
 Spider Form              Tmut/Pois      #.........   92%         3
 Ice Form                 Ice/Tmut       #.......     100%        4
 Blade Hands              Tmut           #.........   100%        5


Dungeon Overview and Level Annotations

Branches:
Dungeon (15/15)            Temple (0/1) D:6            Lair (0/6) D:10
    Orc (0/2) D:12         Vaults (0/5) D:13         Depths (0/5) D:15

Altars:
Fedhas
Kikubaaqudgha
Trog
Uskayaw
Vehumet
The Shining One

Shops:
D:5 *   D:11 [(*

Portals:
Trove: D:12 (give +7 demon blade)

Annotations:
D:8 exclusion: statue
D:10 exclusion: oklob plant


Innate Abilities, Weirdness & Mutations

You are partially covered in iridescent scales. (AC +2)
You passively map a small area around you.


Message History

The fire giant casts a spell at you.
The fireball explodes!
The fireball engulfs you! You resist.
* * * LOW HITPOINT WARNING * * *
The fire giant points at you and mumbles some strange words.
The fireball explodes!
The fireball engulfs you. You resist.
* * * LOW HITPOINT WARNING * * *
The kobold demonologist mumbles some strange words.
You block the basilisk's attack.
The kobold demonologist mumbles some strange words.
You block the wraith's attack.
There is a stone staircase leading up here.
You can't go down here!
The basilisk closely misses you. You block the wraith's attack.
You climb upwards.
There is a stone staircase leading down here.
Aiming: Enslavement
Press: ? - help, Shift-Dir - straight line, f - basilisk
Aim: a basilisk (chance to defeat MR: 50%)
The basilisk is charmed.
The wraith hits you!
You die...

##........'(≈≈≈≈≈≈≈≈≈≈≈≈.'...##
#.......###.≈≈≈≈≈≈≈≈≈≈≈≈.#..##.
#......## #..............#.#...
##......#
#################.....
#......####....## ###......
#.....####......## #........
#.....###........## #........
##.#...#........W.## #.)......
####..........@...## ##........
##..........l...###.........
##................##.#.......
#................##..##....##
#...............###.####..##
#..............###..# ####
#.............####.##
#........#....###..# #
###########..)..#.###### ##


You could see a wraith and a friendly basilisk (charmed).

Vanquished Creatures
  Snorg (D:13)
  Erica (D:10)
  A vault guard (D:11)
  A centaur warrior (D:14)
  9 two-headed ogres
  Nergalle (D:10)
  Sonja (D:10)
  An unseen horror (D:14)
  Pikel (D:6)
  A phantasmal warrior (D:13)
  An orb spider (shapeshifter) (D:13)
  2 ugly things (D:11)
  2 manticores
  A salamander (shapeshifter) (D:13)
  5 cyclopes
  3 kobold demonologists
  An efreet (D:14)
  3 trolls
  3 hippogriffs
  8 slime creatures (D:14)
  A vampire (D:15)
  A spriggan (D:9)
  Sigmund (D:6)
  3 shadows
  2 wraiths
  15 yaks
  A wyvern (D:8)
  11 vampire mosquitoes
  An acid dragon (shapeshifter) (D:13)
  An acid dragon (D:13)
  A swamp drake (D:12)
  7 orc warriors
  4 sky beasts
  A hornet zombie (D:14)
  5 ice beasts
  A black bear (D:7)
  2 necrophages
  8 ogres
  An eye of draining (D:10)
  3 phantoms
  5 centaurs
  7 big kobolds
  A crocodile (D:6)
  A lemure (D:6)
  Blork the orc (D:5)
  9 bullfrogs
  3 scorpions
  A water moccasin skeleton (D:7)
  15 killer bees
  23 wights
  6 howler monkeys
  3 bullfrog zombies
  2 quasits
  5 hounds
  4 orc priests
  5 centaur skeletons
  A gnoll shaman (D:3)
  A jelly (D:11)
  2 bullfrog skeletons
  3 iguanas
  14 orc wizards
  17 worker ants
  A hound zombie (D:9)
  A hound skeleton (D:7)
  A howler monkey skeleton (D:9)
  12 gnolls
  17 adders
  A shadow imp (D:10)
  An ufetubus (D:5)
  An adder skeleton (D:8)
  2 worms
  5 dart slugs
  4 leopard geckos
  44 orcs
  A ball python (D:3)
  5 giant cockroaches
  7 goblins
  9 hobgoblins
  17 jackals
  26 kobolds
  7 quokkas
  5 bats
  2 frilled lizards
  A leopard gecko zombie (D:8)
  6 rats
422 creatures vanquished.

Vanquished Creatures (collateral kills)
  A wight (D:8)
  3 kobolds (D:14)
4 creatures vanquished.

Vanquished Creatures (others)
  A centaur warrior (D:15)
  A wizard (D:14)
  A yaktaur (shapeshifter) (D:13)
  A human (D:6)
  A big kobold (D:14)
  A wight (D:8)
6 creatures vanquished.

Grand Total: 432 creatures vanquished

Notes
Turn   | Place    | Note
-------+----------+-------------------------------------------
     0 | D:1      | splitbrain the Hill Orc Fighter began the quest for the
                  | Orb.
     0 | D:1      | Reached XP level 1. HP: 19/19 MP: 1/1
   248 | D:1      | Reached XP level 2. HP: 15/27 MP: 2/2
   428 | D:1      | Reached skill level 3 in Axes
   819 | D:1      | Reached XP level 3. HP: 32/33 MP: 3/3
  1613 | D:2      | Reached XP level 4. HP: 41/41 MP: 4/4
  2295 | D:3      | Found a hide-covered altar of Uskayaw.
  2301 | D:3      | Noticed a +0 dagger
  2301 | D:3      | Noticed a +0 dagger
  2502 | D:3      | Reached skill level 4 in Axes
  2502 | D:3      | Reached XP level 5. HP: 40/47 MP: 5/5
  2985 | D:4      | Noticed an ogre
  2990 | D:3      | Reached skill level 1 in Dodging
  3049 | D:3      | Killed an ogre
  3049 | D:3      | Reached XP level 6. HP: 35/53 MP: 6/6
  3057 | D:3      | Reached skill level 5 in Axes
  3230 | D:4      | Reached skill level 6 in Axes
  3230 | D:4      | Reached XP level 7. HP: 5/60 MP: 7/7
  3525 | D:4      | Reached skill level 5 in Armour
  3685 | D:4      | Reached skill level 5 in Fighting
  3692 | D:4      | Reached skill level 7 in Axes
  3990 | D:5      | Entered Level 5 of the Dungeon
  4065 | D:5      | Found Uhalocku's Assorted Antiques.
  4074 | D:5      | Reached skill level 5 in Shields
  4170 | D:5      | Noticed Blork the orc
  4182 | D:5      | Killed Blork the orc
  4282 | D:5      | Reached skill level 1 in Throwing
  4752 | D:6      | Noticed Pikel
  4754 | D:6      | Found a staircase to the Ecumenical Temple.
  4765 | D:6      | Killed Pikel
  4765 | D:6      | Reached skill level 8 in Axes
  4765 | D:6      | Reached XP level 8. HP: 46/69 MP: 8/8
  4791 | D:6      | Reached skill level 9 in Axes
  4970 | D:6      | Reached XP level 9. HP: 55/74 MP: 9/9
  5369 | D:6      | Noticed Sigmund
  5382 | D:6      | Killed Sigmund
  5578 | D:6      | Found an ancient bone altar of Kikubaaqudgha.
  5698 | D:7      | Reached skill level 10 in Axes
  6458 | D:8      | Reached skill level 11 in Axes
  6544 | D:8      | Found a glowing golden altar of the Shining One.
  6631 | D:8      | Found a radiant altar of Vehumet.
  6663 | D:8      | Reached XP level 10. HP: 84/84 MP: 10/10
  7347 | D:9      | Found a blossoming altar of Fedhas.
  7445 | D:9      | Reached skill level 12 in Axes
  7492 | D:9      | Noticed a two-headed ogre
  7504 | D:9      | Killed a two-headed ogre
  8271 | D:10     | Entered Level 10 of the Dungeon
  8303 | D:10     | Noticed Nergalle
  8334 | D:10     | HP: 4/88 [Nergalle/bolt of negative energy (30)]
  8337 | D:10     | Killed Nergalle
  8337 | D:10     | Reached skill level 13 in Axes
  8337 | D:10     | Reached XP level 11. HP: 4/94 MP: 1/11
  8683 | D:10     | Noticed an oklob plant
  8778 | D:10     | Gained mutation: You are partially covered in iridescent
                  | scales. (AC +2) [potion of mutation]
  8778 | D:10     | Gained mutation: You passively map a small area around you.
                  | [potion of mutation]
  8817 | D:10     | Noticed Sonja
  8826 | D:10     | Killed Sonja
  8879 | D:10     | Noticed a two-headed ogre
  8967 | D:10     | Killed a two-headed ogre
  8967 | D:10     | Reached skill level 1 in Evocations
  9392 | D:10     | Noticed Erica
  9407 | D:10     | Killed Erica
  9457 | D:10     | Found a staircase to the Lair.
  9527 | D:11     | Found Eren's Armour Shop.
  9566 | D:11     | Reached skill level 14 in Axes
  9599 | D:11     | Found Houmenig's Weapon Boutique.
  9678 | D:11     | Noticed a two-headed ogre
  9689 | D:11     | Killed a two-headed ogre
  9689 | D:11     | Reached skill level 5 in Dodging
  9857 | D:11     | Found Wesai's Assorted Antiques.
  9860 | D:11     | Bought a scroll of enchant weapon for 210 gold pieces
  9895 | D:11     | Noticed a white ugly thing
  9906 | D:11     | Killed a white ugly thing
 10149 | D:12     | Noticed a two-headed ogre
 10166 | D:12     | Noticed a white ugly thing
 10312 | D:11     | Killed a two-headed ogre
 10357 | D:11     | Reached XP level 12. HP: 100/105 MP: 12/12
 10553 | D:12     | Noticed a two-headed ogre
 10563 | D:11     | Killed a two-headed ogre
 10673 | D:12     | Noticed a two-headed ogre
 10687 | D:11     | Killed a two-headed ogre
 10687 | D:11     | Reached skill level 10 in Fighting
 10687 | D:11     | Reached skill level 15 in Axes
 10687 | D:11     | Reached skill level 10 in Shields
 10807 | D:12     | Noticed a vault guard
 10843 | D:11     | Killed a vault guard
 11130 | D:12     | Found a portal to a secret trove of treasure.
 11331 | D:12     | Found a staircase to the Orcish Mines.
 11974 | D:13     | Reached skill level 5 in Throwing
 12335 | D:13     | Found a blossoming altar of Fedhas.
 12449 | D:13     | Found a gate to the Vaults.
 12765 | D:14     | Noticed Snorg
 12954 | D:13     | Killed Snorg
 12954 | D:13     | Reached XP level 13. HP: 67/115 MP: 13/13
 13487 | D:14     | Reached skill level 16 in Axes
 14301 | D:14     | Found a bloodstained altar of Trog.
 14594 | D:15     | Entered Level 15 of the Dungeon
 14612 | D:15     | Identified a scroll of acquirement
 14613 | D:15     | Acquired a +4 vorpal broad axe
 14692 | D:15     | Found a staircase to the Depths.
 14692 | D:15     | Noticed a fire giant
 14694 | D:15     | HP: 1/117 [fire giant/fireball (5)]
 14699 | D:14     | Slain by a wraith

Illustrated notes

Levels and vault maps discovered:
D:1:      kennysheep_arrival_seaside, layout_loops_ring,
          corexii_leaking_fountain
D:2:      layout_basic
D:3:      layout_loops_ring, dancing_weapons_uskayaw, dk_noncrumbling_4
D:4:      layout_cave_pods, first_ration
D:5:      layout_basic, serial_shops, nicolae_shop_behind_doors,
          uniq_blork_the_orc
D:6:      layout_basic, minmay_temple_entry_grid, tgw_kikubaaqudgha, uniq_pikel,
          uniq_sigmund
D:7:      layout_loops_ring, grunt_ministairs_11
D:8:      layout_layer_cave, vehumet_statue, lemuel_round_altar
D:9:      layout_irregular_city, lemuel_doored_altar,
          chequers_serial_rivers_room_b, the_bakery
D:10:     layout_roguey, dpeg_oklobed_lair, uniq_nergalle, uniq_erica,
          uniq_sonja
D:11:     layout_rooms, serial_shops, kennysheep_mini_moat, shop, shop
D:12:     layout_rooms, erik_orc_1, enter_trove_5
D:13:     layout_long_grid, david_vaults_4, minmay_liquid_box, fedhas_altar_1
D:14:     layout_cave_pods, nrook_pool_corridor, trog_wizard, uniq_snorg
D:15:     grunt_enter_depths_giant_problem, layout_cross, minmay_door_square

Skill      XL: |  1  2  3  4  5  6  7  8  9 10 11 12 13 |
---------------+----------------------------------------+-----
Fighting       | 4 5 6 8 9 10 11 | 11.8
Axes           | 3 4 6 8 9 11 13 14 15 16 | 16.0
Armour         | 4 5 6 |  6.5
Shields        | 4 5 6 8 9 10 11 | 11.5
Dodging        | 1 2 3 4 5 6 |  6.3
Throwing       | 2 3 4 5 7 |  7.4
Stealth        | 2 3 4 |  4.6
Evocations     | 1 |  1.6

Action                   |  1- 3 |  4- 6 |  7- 9 | 10-12 | 13-15 || total
-------------------------+-------+-------+-------+-------+-------++-------
Melee: War axe           |   104 |   181 |   336 |   798 |   144 ||  1563
       Broad axe         |       |       |       |       |    23 ||    23
Throw: Boomerang         |       |       |    30 |   142 |    98 ||   270
       Dart              |       |       |     6 |     3 |       ||     9
Evoke: Wand              |       |     1 |     4 |     7 |     1 ||    13
       Box of beasts     |       |       |       |     1 |       ||     1
  Use: Scroll            |     7 |     3 |     4 |     7 |     5 ||    26
       Potion            |     4 |     2 |     2 |     2 |     1 ||    11
 Stab: Paralysed         |       |       |     9 |     2 |       ||    11
       Sleeping          |       |       |     4 |     5 |       ||     9
  Eat: Ration            |     1 |     1 |     4 |     5 |     1 ||    12
Armor: Scale mail        |    50 |    74 |       |       |       ||   124
       Leather armour    |       |    17 |    93 |   199 |    19 ||   328
Dodge: Dodged            |    27 |    62 |   102 |   319 |    66 ||   576
Block: Kite shield       |    52 |   105 |   143 |   477 |   107 ||   884

Table legend:
 A = Non-vault XP
 B = Vault XP
 C = Vault XP percentage of total XP
 D = Non-vault monster count
 E = Vault monster count
 F = Vault count percentage of total count
                 A         B        C        D         E       F
            +---------+---------+-------+---------+---------+-------
      Total |   39691 |    8390 |  17.4 |     397 |      32 |   7.5
            +---------+---------+-------+---------+---------+-------
        D:1 |      44 |       0 |   0.0 |      17 |       0 |   0.0
        D:2 |      56 |       0 |   0.0 |      20 |       0 |   0.0
        D:3 |     356 |       0 |   0.0 |      28 |       0 |   0.0
        D:4 |     469 |       0 |   0.0 |      25 |       0 |   0.0
        D:5 |     152 |      99 |  39.4 |      10 |       1 |   9.1
        D:6 |     832 |     920 |  52.5 |      15 |       2 |  11.8
        D:7 |    1037 |     264 |  20.3 |      23 |       2 |   8.0
        D:8 |    1366 |       0 |   0.0 |      31 |       0 |   0.0
        D:9 |    3074 |     224 |   6.8 |      34 |       1 |   2.9
       D:10 |    3451 |    2587 |  42.8 |      32 |       3 |   8.6
       D:11 |    7527 |     947 |  11.2 |      40 |       1 |   2.4
       D:12 |    1722 |     581 |  25.2 |      11 |      17 |  60.7
       D:13 |    3569 |    2768 |  43.7 |      41 |       5 |  10.9
       D:14 |   11967 |       0 |   0.0 |      58 |       0 |   0.0
       D:15 |    4069 |       0 |   0.0 |      12 |       0 |   0.0
            +---------+---------+-------+---------+---------+-------
